 Dungeon Crawl Stone Soup version 0.21-a0-504-g2eda330 (webtiles) character file.

112 slep the Skirmisher (level 4, 0/35 HPs)
             Began as a Demonspawn Monk on Nov 26, 2017.
             Slain by Kurtz's ghost (1 damage)
             ... on level 3 of the Dungeon.
             The game lasted 00:07:00 (1812 turns).

slep the Skirmisher (Demonspawn Monk)               Turns: 1812, Time: 00:07:01

Health: 0/35       AC:  8    Str:  8 (11) XL:     4   Next: 63%
Magic:  4/4        EV: 11    Int: 11 (12) God:
Gold:   72         SH:  0    Dex: 15 (16) Spells: 3/3 levels left

rFire    . . .     SeeInvis .   i - +0 spear
rCold    . . .     Gourm    .   (no shield)
rNeg     . . .     Faith    .   f - +0 ring mail
rPois    .         Spirit   .   o - +0 helmet
rElec    .         Reflect  .   (no cloak)
rCorr    .         Harm     .   (no gloves)
MR       .....                  (no boots)
Stlth    +.........             (no amulet)
HPRegen  0.11/turn              (no ring)
MPRegen  0.09/turn              (no ring)

@: flying
A: yellow scales 1, rot immunity
a: no special abilities


You were on level 3 of the Dungeon.
You were not hungry.

You visited 1 branch of the dungeon, and saw 3 of its levels.

You collected 72 gold pieces.

Inventory:

Hand Weapons
 a - a +0 short sword
 g - a +0 mace
 i - a +0 spear (weapon)
Armour
 b - a +0 robe
 f - a +0 ring mail (worn)
 o - a +0 helmet (worn)
Scrolls
 d - 3 scrolls of teleportation {unknown}
 h - a scroll of fear {unknown}
 k - a scroll of enchant armour {unknown}
 l - 2 scrolls of remove curse {unknown}
 m - a scroll of identify {unknown}
 n - a scroll of magic mapping {unknown}
Comestibles
 c - 3 bread rations
 q - 3 chunks of flesh


   Skills:
 + Level 3.4 Fighting
 + Level 3.0 Short Blades
 + Level 2.1 Polearms
 + Level 1.4 Armour
 + Level 3.1 Dodging
 + Level 2.0 Stealth


You had 3 spell levels left.
You didn't know any spells.

Dungeon Overview and Level Annotations

Branches:
Dungeon (3/15)

Altars:

Annotations:
D:3 Kurtz's ghost, novice KoIE


Innate Abilities, Weirdness & Mutations

You are partially covered in yellow scales. (AC +2)
You are immune to rotting.


Message History

You hit the worm.
The worm is moderately wounded.
The worm misses you.
You hit the worm.
The worm is heavily wounded.
You hit the worm.
The worm is almost dead.
The worm barely misses you.
You hit the worm.
You kill the worm!
You closely miss Kurtz's ghost.
Kurtz's ghost points at you and mumbles some strange words.
The puff of frost hits you!
* * * LOW HITPOINT WARNING * * *
You hit Kurtz's ghost but do no damage.
Kurtz's ghost hits you but does no damage.
You hit Kurtz's ghost but do no damage. Kurtz's ghost hits you.
* * * LOW HITPOINT WARNING * * *
Kurtz's ghost freezes you.
You die...

.....##$.#########
.......$.!........
#.........#######
##.######.........
. ##.###### #.
#.##
#.#######..###
#.........(W.#
##.......##@###
...
##..)...##...## ..
#.)....####..####
.# #.......#
##....####.#
....#######
####..##..# ....##
##..#.# ### ##...#
##..# ###.
#..##....


You could see Kurtz's ghost.

Vanquished Creatures
  4 adders (D:2)
  4 worms
  4 dart slugs
  A leopard gecko (D:2)
  An orc (D:3)
  2 giant cockroaches
  7 hobgoblins
  A quokka (D:2)
  A ball python (D:3)
  6 bats
  2 frilled lizards
  12 goblins
  8 kobolds
  2 rats
55 creatures vanquished.

Notes
Turn   | Place    | Note
-------+----------+-------------------------------------------
     0 | D:1      | slep the Demonspawn Monk began the quest for the Orb.
     0 | D:1      | Reached XP level 1. HP: 18/18 MP: 1/1
   315 | D:1      | Gained mutation: You are immune to rotting. [demonic ancestry]
   315 | D:1      | Reached XP level 2. HP: 14/24 MP: 2/2
  1047 | D:2      | Gained mutation: You are partially covered in yellow scales. (AC +2) [demonic ancestry]
  1047 | D:2      | Reached XP level 3. HP: 28/29 MP: 3/3
  1052 | D:2      | Reached skill level 1 in Armour
  1087 | D:2      | Reached skill level 1 in Polearms
  1306 | D:2      | Reached XP level 4. HP: 27/35 MP: 4/4
  1783 | D:3      | Noticed Kurtz's ghost (novice KoIE)
  1785 | D:3      | HP: 1/35 [worm (3)]
  1812 | D:3      | HP: 1/35 [Kurtz's ghost (4)]
  1812 | D:3      | Slain by Kurtz's ghost

Vault maps used:
D:1:      dpeg_arrival_rhombi
D:2:      minmay_diamond_boxcup, first_bread
D:3:      cheibrodos_thug_alley, minmay_randomly_rotated_circles,
          uniq_crazy_yiuf_cottage

Skill      XL: |  1  2  3  4 |
---------------+-------------+-----
Short Blades   | 3 |  3.0
Armour         | 1 |  1.4
Polearms       | 1 2 |  2.1
Dodging        | 3 |  3.1
Stealth        | 2 |  2.0
Fighting       | |  3.4

Action                   |  1- 3 |  4- 6 || total
-------------------------+-------+-------++-------
Melee: Spear             |   180 |    97 ||   277
       Short sword       |     7 |       ||     7
       Mace              |     6 |       ||     6
  Use: Potion            |       |     3 ||     3
 Stab: Sleeping          |     2 |     2 ||     4
  Eat: Chunk             |     1 |     2 ||     3
Armor: Ring mail         |    68 |    23 ||    91
       Robe              |     2 |       ||     2
Dodge: Dodged            |   117 |    45 ||   162

Table legend:
 A = Spawn XP
 B = Non-spawn XP
 C = Spawn XP percentage of total XP
 D = Spawn monster count
 E = Non-spawn monster count
 F = Spawn count percentage of total count
 G = Total turns spent on level
                    A         B        C        D         E        F      G
               +---------+---------+-------+---------+---------+-------+---------
         Total |       0 |     160 |   0.0 |       0 |      55 |   0.0 |  1812
               +---------+---------+-------+---------+---------+-------+---------
           D:1 |       0 |      25 |   0.0 |       0 |      16 |   0.0 |   640
           D:2 |       0 |     112 |   0.0 |       0 |      30 |   0.0 |  1036
           D:3 |       0 |      23 |   0.0 |       0 |       9 |   0.0 |   136
               +---------+---------+-------+---------+---------+-------+---------
